[Event "17th Prague Open 2018"]
[Site "Prague"]
[Date "2018.01.13"]
[Round "2"]
[White "Moehn, Hans"]
[Black "Taranenko, Evgueniy"]
[Result "1-0"]
[ECO "A04"]
[WhiteElo "2378"]
[BlackElo "2154"]
[Annotator "NA"]
[PlyCount "97"]
[EventDate "2018.??.??"]
[EventType "swiss"]
[EventCountry "CZE"]
[SourceTitle "playchess.com"]
[Source "ChessBase"]
[SourceQuality "1"]
[TimeControl "40/5400+30:1800+30"]

1. Nf3 Nc6 2. d4 d6 3. g3 e5 4. d5 Nce7 5. c4 Nf6 6. Bg2 Ng6 7. Nc3 Be7 8. O-O O-O 9. Ne1 Ne8 10. e4 f5 11. exf5 Bxf5 12. Nd3 Qd7 13. Be3 Bh3 14. f3 Bxg2 15. Kxg2 c6 16. Nf2 Bd8 17. c5 Ne7 18. Nfe4 Nf5 19. Bg1 Kh8 20. Qa4 Rf7 21. dxc6 Qxc6 22. Qxc6 bxc6 23. cxd6 Nexd6 24. Nxd6 Nxd6 25. Rfd1 Nf5 26. Ne4 Bb6 27. Nc5 Re8 28. Rac1 h6 29. Rc4 Nd4 30. Bxd4 exd4 31. Ne4 Re6 32. b4 g5 33. h3 Rf5 34. Rdc1 d3 35. Rd1 Rd5 36. Rc3 Rd4 37. a3 d2 38. Kf1 a5 39. Rb3 Rc4 40. Rxd2 Rc1+ 41. Kg2 h5 42. bxa5 Bxa5 43. Rd7 Rc2+ 44. Kf1 Re8 45. Rbb7 Rc1+ 46. Ke2 c5 47. Rh7+ Kg8 48. Rhg7+ Kh8 49. Rxg5 1-0

[Event "17th Prague Open 2018"]
[Site "Prague"]
[Date "2018.01.13"]
[Round "2"]
[White "Mihajlov, Sebastian"]
[Black "Yakimenko, Alexander A"]
[Result "1-0"]
[ECO "A84"]
[WhiteElo "2371"]
[BlackElo "2146"]
[Annotator "NA"]
[PlyCount "69"]
[EventDate "2018.??.??"]
[EventType "swiss"]
[EventCountry "CZE"]
[SourceTitle "playchess.com"]
[Source "ChessBase"]
[SourceQuality "1"]
[TimeControl "40/5400+30:1800+30"]

1. d4 e6 2. c4 f5 3. Nc3 Nf6 4. e3 b6 5. Bd3 Bb7 6. f3 Bb4 7. Nge2 O-O 8. a3 Bxc3+ 9. Nxc3 d6 10. O-O Nbd7 11. b4 a5 12. Rb1 Nh5 13. Qc2 Qe7 14. Bd2 axb4 15. axb4 g6 16. Na4 Bc6 17. b5 Bb7 18. Rbc1 Rfd8 19. Bb4 Qh4 20. Rb1 e5 21. c5 dxc5 22. dxc5 Rxa4 23. Be1 Qg5 24. Qxa4 Nxc5 25. Bc4+ Kg7 26. Qa3 Nf6 27. Bb4 Nd3 28. Bf8+ Rxf8 29. Qe7+ Kh6 30. Qxf8+ Kh5 31. Bxd3 Qxe3+ 32. Kh1 Nd5 33. Bxf5 Nf4 34. g4+ Kg5 35. h4+ 1-0

[Event "17th Prague Open 2018"]
[Site "Prague"]
[Date "2018.01.13"]
[Round "2"]
[White "Kaasen, Tor Fredrik"]
[Black "Kapusta, Petr"]
[Result "1-0"]
[ECO "E98"]
[WhiteElo "2340"]
[BlackElo "2140"]
[Annotator "NA"]
[PlyCount "79"]
[EventDate "2018.??.??"]
[EventType "swiss"]
[EventCountry "CZE"]
[SourceTitle "playchess.com"]
[Source "ChessBase"]
[SourceQuality "1"]
[TimeControl "40/5400+30:1800+30"]

1. d4 Nf6 2. c4 g6 3. Nc3 Bg7 4. e4 d6 5. Nf3 O-O 6. Be2 e5 7. O-O Nc6 8. d5 Ne7 9. Ne1 Nd7 10. Be3 f5 11. f3 Nf6 12. c5 f4 13. Bf2 g5 14. Rc1 Ng6 15. cxd6 cxd6 16. Nb5 Rf7 17. Qc2 g4 18. Nc7 g3 19. Nxa8 gxf2+ 20. Rxf2 Bd7 21. Nc7 Nh5 22. Bb5 Bxb5 23. Nxb5 Qb6 24. Nc7 Bf6 25. Qb3 Qa5 26. Qb5 Qxa2 27. Ne6 Nf8 28. Nxf8 Rxf8 29. Rfc2 Bd8 30. Qxb7 Qa4 31. Rc4 Qa5 32. Qd7 Qb6+ 33. Kf1 Nf6 34. Qc6 Qxb2 35. Qxd6 Bb6 36. R1c2 Qa1 37. Qe6+ Kg7 38. Rc7+ Kg6 39. Qf5+ Kh6 40. h4 1-0

[Event "17th Prague Open 2018"]
[Site "Prague"]
[Date "2018.01.13"]
[Round "2"]
[White "Liu, Yi"]
[Black "Rosenbaum, Vit"]
[Result "1-0"]
[ECO "C06"]
[WhiteElo "2337"]
[BlackElo "2123"]
[Annotator "NA"]
[PlyCount "101"]
[EventDate "2018.??.??"]
[EventType "swiss"]
[EventCountry "CZE"]
[SourceTitle "playchess.com"]
[Source "ChessBase"]
[SourceQuality "1"]
[TimeControl "40/5400+30:1800+30"]

1. e4 e6 2. d4 d5 3. Nd2 Nf6 4. e5 Nfd7 5. Bd3 c5 6. c3 Nc6 7. Ne2 cxd4 8. cxd4 f6 9. exf6 Nxf6 10. Nf3 Bd6 11. O-O Qc7 12. g3 O-O 13. Bf4 e5 14. dxe5 Nxe5 15. Nxe5 Bxe5 16. Rc1 Qd6 17. Re1 Bg4 18. Qb3 Rfe8 19. Qxb7 Rab8 20. Qxa7 Rxb2 21. Be3 Bxe2 22. Rxe2 Rxe2 23. Bxe2 d4 24. Rd1 Qc6 25. Bd2 Qc2 26. Qa6 Ne4 27. Qc4+ Qxc4 28. Bxc4+ Kh8 29. Bb4 Rc8 30. Ba6 Rb8 31. a3 Bf6 32. Re1 Nc3 33. Re6 h6 34. Bd3 Kg8 35. Bc4 Kh8 36. h4 Na4 37. Rd6 Nb2 38. Bf1 Na4 39. Rd7 Nb6 40. Rd6 Na4 41. h5 Nc3 42. Rd7 Na4 43. f4 Kg8 44. Bc4+ Kh8 45. Bd3 Rc8 46. Bf5 Re8 47. Bg6 Rc8 48. Kf2 Nb6 49. Rd6 Nc4 50. Re6 Nb2 51. Ke2 1-0

[Event "17th Prague Open 2018"]
[Site "Prague"]
[Date "2018.01.13"]
[Round "2"]
[White "Hrdina, Robin"]
[Black "Akshat, Khamparia"]
[Result "1/2-1/2"]
[ECO "B12"]
[WhiteElo "2156"]
[BlackElo "2381"]
[Annotator "NA"]
[PlyCount "109"]
[EventDate "2018.??.??"]
[EventType "swiss"]
[EventCountry "CZE"]
[SourceTitle "playchess.com"]
[Source "ChessBase"]
[SourceQuality "1"]
[TimeControl "40/5400+30:1800+30"]

1. e4 c6 2. d4 Na6 3. Nc3 Nc7 4. Bd3 g6 5. Be3 Bg7 6. Qd2 d5 7. Nge2 dxe4 8. Bxe4 h5 9. O-O-O Nf6 10. Bf3 Bg4 11. Nf4 Bxf3 12. gxf3 Nfd5 13. Ncxd5 Nxd5 14. Kb1 Nxf4 15. Bxf4 Qd7 16. Rhe1 Bf6 17. Be5 Bxe5 18. Rxe5 O-O-O 19. Qa5 Kb8 20. d5 Qd6 21. Rde1 Rd7 22. c4 cxd5 23. Rxd5 Qc7 24. Qxc7+ Kxc7 25. Rxd7+ Kxd7 26. Kc2 h4 27. Kd3 Rh5 28. Re4 f5 29. Rd4+ Kc7 30. f4 h3 31. Ke3 Rh4 32. f3 Rh8 33. Rd3 Rg8 34. Kd4 Rd8+ 35. Kc3 Rg8 36. a3 e6 37. b4 g5 38. fxg5 f4 39. Kd4 Rxg5 40. Ke4 Rg2 41. Kxf4 Rxh2 42. Kg3 Rc2 43. Kxh3 Rxc4 44. Kg3 e5 45. Rd5 e4 46. fxe4 Rxe4 47. Kf3 Re1 48. Kf2 Re7 49. Kf3 Kc6 50. Rc5+ Kd6 51. Rh5 b6 52. a4 Rc7 53. Ke3 Rc4 54. Rh6+ Kd5 55. Rh5+ {[%emt 0:00:00] Ke5 Ke4+} 1/2-1/2

[Event "17th Prague Open 2018"]
[Site "Prague"]
[Date "2018.01.13"]
[Round "2"]
[White "Nie, Xin"]
[Black "Szpar, Milosz"]
[Result "1/2-1/2"]
[ECO "D85"]
[WhiteElo "2154"]
[BlackElo "2367"]
[Annotator "NA"]
[PlyCount "111"]
[EventDate "2018.??.??"]
[EventType "swiss"]
[EventCountry "CZE"]
[SourceTitle "playchess.com"]
[Source "ChessBase"]
[SourceQuality "1"]
[TimeControl "40/5400+30:1800+30"]

1. d4 Nf6 2. c4 g6 3. Nc3 d5 4. cxd5 Nxd5 5. Bd2 Nb6 6. e3 Bg7 7. f4 O-O 8. Nf3 N8d7 9. Ne4 Nd5 10. Bc4 e6 11. O-O b6 12. Qb3 Bb7 13. Nc3 N5f6 14. Rad1 c5 15. dxc5 Nxc5 16. Qa3 Rc8 17. Be1 Nd5 18. Bxd5 exd5 19. b4 Ne6 20. Qxa7 Qc7 21. Nb5 Qc6 22. Nd6 Qxd6 23. Qxb7 Rfd8 24. Qa6 Qc6 25. Bh4 Rd7 26. Qd3 Qa4 27. f5 gxf5 28. Qxf5 Qc2 29. e4 Ra7 30. Rxd5 Rxa2 31. Rd2 Qc4 32. Rxa2 Qxa2 33. Ng5 Rc7 34. Qxh7+ Kf8 35. Qf5 Nd4 36. Qd5 Qxd5 37. exd5 Kg8 38. d6 Rd7 39. Nxf7 Nc6 40. b5 Nd4 41. Be7 Nxb5 42. h4 Nxd6 43. Bxd6 Rxf7 44. Rxf7 Kxf7 45. Kf2 b5 46. Ke3 Ke6 47. Bb4 Kf5 48. Kf3 Be5 49. g4+ Kf6 50. Ke4 Bg3 51. h5 Bc7 52. Kd5 Kg5 53. Bc3 Bf4 54. Bg7 Kxg4 55. h6 Bxh6 56. Bxh6 1/2-1/2

[Event "17th Prague Open 2018"]
[Site "Prague"]
[Date "2018.01.13"]
[Round "2"]
[White "Lindbol, Aleksander"]
[Black "Melamed, Tatjana"]
[Result "1/2-1/2"]
[ECO "E91"]
[WhiteElo "2146"]
[BlackElo "2347"]
[Annotator "NA"]
[PlyCount "133"]
[EventDate "2018.??.??"]
[EventType "swiss"]
[EventCountry "CZE"]
[SourceTitle "playchess.com"]
[Source "ChessBase"]
[SourceQuality "1"]
[TimeControl "40/5400+30:1800+30"]

1. c4 Nf6 2. Nc3 g6 3. d4 Bg7 4. e4 d6 5. Nf3 O-O 6. Be2 Na6 7. O-O e5 8. dxe5 dxe5 9. Be3 Ng4 10. Bg5 Qe8 11. h3 h6 12. hxg4 hxg5 13. Nxg5 Qe7 14. Nf3 Bxg4 15. Nd5 Qd8 16. Qc2 c6 17. Ne3 Bxf3 18. Bxf3 Nc5 19. Bg4 a5 20. Rad1 Qg5 21. g3 Rfd8 22. Kg2 Rd4 23. Bf3 Ne6 24. c5 Bf8 25. Rh1 Bxc5 26. Bg4 Rxd1 27. Rxd1 Bxe3 28. Bxe6 Bd4 29. Bc4 Kg7 30. Rh1 Rd8 31. Qe2 b5 32. Bd3 Bxb2 33. f4 Qf6 34. f5 Bc3 35. Rf1 Qg5 36. fxg6 Qxg6 37. Rf5 f6 38. Qe3 Bd4 39. Qc1 Bf2 40. Rf3 Rxd3 41. Rxd3 Qxe4+ 42. Rf3 Bd4 43. Qf1 f5 44. Kh2 Kg6 45. g4 f4 46. Qh3 Qc2+ 47. Kh1 Kg7 48. g5 Qh7 49. Kg2 Qxh3+ 50. Rxh3 c5 51. Rh6 e4 52. Re6 f3+ 53. Kg3 f2 54. Kg2 e3 55. Kf1 c4 56. Re4 Bb2 57. Rxe3 b4 58. Re7+ Kg6 59. Kxf2 a4 60. Rc7 c3 61. Ke2 a3 62. Kd3 b3 63. axb3 a2 64. Ra7 a1=Q 65. Rxa1 Bxa1 66. b4 Kxg5 67. b5 1/2-1/2

[Event "17th Prague Open 2018"]
[Site "Prague"]
[Date "2018.01.13"]
[Round "2"]
[White "Eriksson, Christian Altenburg"]
[Black "Thakur, Akash"]
[Result "0-1"]
[ECO "C44"]
[WhiteElo "2140"]
[BlackElo "2338"]
[Annotator "NA"]
[PlyCount "78"]
[EventDate "2018.??.??"]
[EventType "swiss"]
[EventCountry "CZE"]
[SourceTitle "playchess.com"]
[Source "ChessBase"]
[SourceQuality "1"]
[TimeControl "40/5400+30:1800+30"]

1. e4 e5 2. Nf3 Nc6 3. d4 exd4 4. Nxd4 Qf6 5. Nb3 Qg6 6. Nc3 Bb4 7. f3 Bxc3+ 8. bxc3 Nge7 9. Bf4 d6 10. Qd2 f5 11. Bd3 O-O 12. Nd4 fxe4 13. Bxe4 Qf7 14. Bg3 Nxd4 15. cxd4 Bf5 16. O-O Bxe4 17. fxe4 Qc4 18. a3 d5 19. Qd3 Qc6 20. e5 Qe6 21. Rab1 b6 22. Rf2 Rxf2 23. Bxf2 Nc6 24. Be1 Rf8 25. Bc3 Qf5 26. Qxf5 Rxf5 27. Re1 Kf7 28. e6+ Ke7 29. Bb4+ Ke8 30. e7 a5 31. Bd2 Nxe7 32. g4 Rf7 33. Kg2 Kd7 34. Kg3 Nc6 35. Bc3 Na7 36. Re5 Nb5 37. Bb2 c6 38. a4 Nd6 39. Ba3 Nc4 0-1

[Event "17th Prague Open 2018"]
[Site "Prague"]
[Date "2018.01.13"]
[Round "2"]
[White "Balenovic, Zvonimir"]
[Black "Luukkonen, Tommi"]
[Result "0-1"]
[ECO "A04"]
[WhiteElo "2129"]
[BlackElo "2331"]
[Annotator "NA"]
[PlyCount "90"]
[EventDate "2018.??.??"]
[EventType "swiss"]
[EventCountry "CZE"]
[SourceTitle "playchess.com"]
[Source "ChessBase"]
[SourceQuality "1"]
[TimeControl "40/5400+30:1800+30"]

1. Nf3 c5 2. g3 g6 3. Bg2 Bg7 4. c4 Nc6 5. O-O e6 6. Nc3 Nge7 7. d3 O-O 8. e3 {[%emt 0:10:52] A37: Symmetrical English vs ...g6: 4 Bg2 Bg7 5 Nf3} (8. Bg5 h6 9. Bd2 b6 10. a3 Bb7 11. Rb1 a5 12. Nb5 d5 13. Qc1 Kh7 14. Rd1 Qd7 15. e3 Rac8 16. Qc2 e5 17. cxd5 Nxd5 {½-½ (85) Almasi,Z (2682)-Ponkratov,P (2613) Riadh 2017}) 8... d5 9. cxd5 Nb4 $146 ({Predecessor:} 9... exd5 10. e4 d4 11. Na4 b6 12. b3 Ba6 13. Bf4 h6 14. g4 g5 {0-1 (35) Vrtal,J (2093)-Fuskova,M (2063) Stare Mesto 2016}) 10. d4 cxd4 11. Nxd4 Nexd5 12. Nxd5 Nxd5 13. Re1 Qb6 14. b3 Rd8 15. Bb2 e5 16. Bxd5 Rxd5 17. Qf3 Qd8 18. e4 Rxd4 19. Bxd4 exd4 20. e5 Qb6 21. g4 Be6 22. Rad1 Rd8 23. Qf4 Rd5 24. Qg3 g5 25. Re4 Qc5 26. Rde1 d3 27. h3 d2 28. Rd1 Bxe5 29. Qf3 Qd6 30. Qe3 Bh2+ 31. Kf1 Qa6+ 32. Qe2 Qc6 33. f3 Bf4 34. Kg2 Qd6 35. Qf2 Rd3 36. Qe2 h5 37. gxh5 $19 Bh2 38. Rxe6 fxe6 39. Qe4 Qg3+ 40. Kh1 Qxf3+ 41. Qxf3 Rxf3 42. Kxh2 Rd3 43. Kg2 Kh7 44. Kf1 Kh6 45. Ke2 Rd5 0-1

[Event "17th Prague Open 2018"]
[Site "Prague"]
[Date "2018.01.13"]
[Round "3"]
[White "Thakur, Akash"]
[Black "Stoyanov, Tsvetan"]
[Result "1/2-1/2"]
[ECO "C45"]
[WhiteElo "2338"]
[BlackElo "2242"]
[Annotator "NA"]
[PlyCount "45"]
[EventDate "2018.??.??"]
[EventType "swiss"]
[EventCountry "CZE"]
[SourceTitle "playchess.com"]
[Source "ChessBase"]
[SourceQuality "1"]
[TimeControl "40/5400+30:1800+30"]

1. e4 e5 2. Nf3 Nc6 3. d4 exd4 4. Nxd4 Bc5 5. Nxc6 Qf6 6. Qf3 dxc6 7. Qxf6 Nxf6 8. Bd3 Be6 9. O-O h6 10. Nc3 O-O-O 11. Bf4 Rhe8 12. Rad1 a6 13. h3 Bd4 14. a3 c5 15. Rfe1 Bxc3 16. bxc3 c4 17. Be2 Nxe4 18. Rxd8+ Kxd8 19. Be5 f6 20. Bh5 Re7 21. Bxc7+ Kxc7 22. Rxe4 Kd6 23. Rd4+ 1/2-1/2

[Event "17th Prague Open 2018"]
[Site "Prague"]
[Date "2018.01.13"]
[Round "3"]
[White "Kulkarni, Bhakti"]
[Black "Shevchenko, Danylo"]
[Result "1-0"]
[ECO "D07"]
[WhiteElo "2306"]
[BlackElo "2164"]
[Annotator "NA"]
[PlyCount "61"]
[EventDate "2018.??.??"]
[EventType "swiss"]
[EventCountry "CZE"]
[SourceTitle "playchess.com"]
[Source "ChessBase"]
[SourceQuality "1"]
[TimeControl "40/5400+30:1800+30"]

1. d4 d5 2. c4 Nc6 3. Nc3 dxc4 4. d5 Ne5 5. f4 Ng4 6. e4 e5 7. f5 h5 8. Be2 Bc5 9. Bxg4 Qh4+ 10. g3 Qxg4 11. Qa4+ Bd7 12. Qxc4 Bb6 13. Qe2 g6 14. fxg6 fxg6 15. Nf3 Bd4 16. Bg5 Ne7 17. Nxd4 Qxg5 18. Nf3 Qf6 19. O-O O-O-O 20. Qe3 Bh3 21. Rf2 Rdf8 22. Qxa7 g5 23. Na4 Kd8 24. Rc1 Nc8 25. Qxb7 Rf7 26. Rc6 Nd6 27. Qb8+ Bc8 28. Nb6 h4 29. Nxc8 hxg3 30. Nxd6+ Ke7 31. Rxc7+ 1-0

[Event "17th Prague Open 2018"]
[Site "Prague"]
[Date "2018.01.13"]
[Round "3"]
[White "Wiley, Thomas"]
[Black "Mihajlov, Sebastian"]
[Result "0-1"]
[ECO "E46"]
[WhiteElo "2118"]
[BlackElo "2371"]
[Annotator "NA"]
[PlyCount "80"]
[EventDate "2018.??.??"]
[EventType "swiss"]
[EventCountry "CZE"]
[SourceTitle "playchess.com"]
[Source "ChessBase"]
[SourceQuality "1"]
[TimeControl "40/5400+30:1800+30"]

1. d4 e6 2. c4 Nf6 3. Nc3 Bb4 4. e3 O-O 5. Nge2 Re8 6. a3 Bf8 7. d5 a5 8. g3 Na6 9. Bg2 Nc5 10. b3 d6 11. O-O e5 12. e4 c6 13. Rb1 cxd5 14. cxd5 Bd7 15. b4 axb4 16. axb4 Na4 17. Nxa4 Bxa4 18. Qd3 Qc7 19. Nc3 Bd7 20. Bd2 Rec8 21. Rfc1 Ra3 22. Ra1 Rxa1 23. Rxa1 g6 24. Ra3 h5 25. h3 Be7 26. Be3 h4 27. g4 Nh7 28. Qd2 Qd8 29. Ra7 Rb8 30. Bf1 Ng5 31. Kg2 Nh7 32. Bb5 Bxb5 33. Nxb5 Qd7 34. Nc3 f5 35. f3 fxg4 36. hxg4 Rf8 37. Ra1 Qd8 38. Ne2 h3+ 39. Kf2 Bh4+ 40. Ng3 Qd7 0-1

[Event "17th Prague Open 2018"]
[Site "Prague"]
[Date "2018.01.13"]
[Round "3"]
[White "Adamko, Peter"]
[Black "Kaasen, Tor Fredrik"]
[Result "1/2-1/2"]
[ECO "E17"]
[WhiteElo "2098"]
[BlackElo "2340"]
[Annotator "ChessBase"]
[PlyCount "95"]
[EventDate "2018.??.??"]
[EventType "swiss"]
[EventCountry "CZE"]
[SourceTitle "playchess.com"]
[Source "ChessBase"]
[SourceQuality "1"]
[TimeControl "40/5400+30:1800+30"]

1. d4 Nf6 2. Nf3 e6 3. c4 b6 4. g3 Bb7 5. Bg2 Be7 6. Nc3 Ne4 7. d5 Nxc3 8. bxc3 Bf6 9. Qd3 e5 10. Nd2 d6 11. Be4 g6 12. h4 Bg7 13. g4 Qd7 14. g5 h6 15. Rg1 hxg5 16. hxg5 Na6 17. Bf3 Nc5 18. Qc2 Rh4 19. e4 Qa4 20. Bd1 Qd7 21. Ba3 Ke7 22. Bxc5 dxc5 23. Be2 Rah8 24. Nf3 Rf4 25. O-O-O Ba6 26. Rg3 Rh3 27. Rxh3 Qxh3 28. Qd3 Kd6 29. Rg1 Qd7 30. Rg3 Qa4 31. Kb2 Bc8 32. Bd1 Qe8 33. Bc2 a6 34. Qe3 Qh8 35. a3 Qh1 36. Ne1 Rh4 37. f3 Qh2 38. Rg2 Qf4 39. Qe2 Rh5 40. Nd3 Qh4 41. f4 exf4 42. e5+ Ke7 43. e6 fxe6 44. Ne5 Qh3 45. Nf3 Kd6 46. Bxg6 Rh8 47. Rh2 Qg4 48. Rg2 1/2-1/2

[Event "17th Prague Open 2018"]
[Site "Prague"]
[Date "2018.01.13"]
[Round "3"]
[White "Parnali, S Dharia"]
[Black "Liu, Yi"]
[Result "1/2-1/2"]
[ECO "E04"]
[WhiteElo "2082"]
[BlackElo "2337"]
[Annotator "NA"]
[PlyCount "29"]
[EventDate "2018.??.??"]
[EventType "swiss"]
[EventCountry "CZE"]
[SourceTitle "playchess.com"]
[Source "ChessBase"]
[SourceQuality "1"]
[TimeControl "40/5400+30:1800+30"]

1. d4 d5 2. c4 e6 3. Nf3 Nf6 4. g3 dxc4 5. Bg2 a6 6. a4 Nc6 7. O-O Rb8 8. Nc3 b5 9. axb5 axb5 10. Ne5 Nxe5 11. dxe5 Nd5 12. Nxd5 exd5 13. Qxd5 Qxd5 14. Bxd5 Bc5 15. Be3 1/2-1/2

[Event "17th Prague Open 2018"]
[Site "Prague"]
[Date "2018.01.13"]
[Round "3"]
[White "Goh, Philip"]
[Black "Schippers, Maurice"]
[Result "0-1"]
[ECO "A05"]
[WhiteElo "1910"]
[BlackElo "2309"]
[Annotator "NA"]
[PlyCount "82"]
[EventDate "2018.??.??"]
[EventType "swiss"]
[EventCountry "CZE"]
[SourceTitle "playchess.com"]
[Source "ChessBase"]
[SourceQuality "1"]
[TimeControl "40/5400+30:1800+30"]

1. Nf3 Nf6 2. g3 g6 3. Bg2 Bg7 4. O-O O-O 5. d3 c5 6. Nbd2 Nc6 7. e4 d6 8. a4 Rb8 9. Nc4 a6 10. Bd2 Be6 11. Ne3 b5 12. Ng5 Bd7 13. axb5 axb5 14. c3 b4 15. f4 bxc3 16. bxc3 Na5 17. Rb1 h6 18. Nf3 Ng4 19. Nxg4 Bxg4 20. Qa4 Qc7 21. h3 Bd7 22. Qc2 c4 23. d4 Nb3 24. Be3 Qa5 25. g4 Ba4 26. Qb2 Nxd4 27. Qxb8 Nxf3+ 28. Bxf3 Rxb8 29. Rxb8+ Kh7 30. Rb4 Bb3 31. Bd2 Qa2 32. Be1 Qc2 33. Rb7 Bxc3 34. Bxc3 Qxc3 35. Rxe7 Qe3+ 36. Kh1 c3 37. e5 dxe5 38. Rxe5 Qxf4 39. Rc5 Bc4 40. Be2 Qe4+ 41. Bf3 Qd4 0-1

[Event "17th Prague Open 2018"]
[Site "Prague"]
[Date "2018.01.14"]
[Round "4"]
[White "Moehn, Hans"]
[Black "Makoveev, Ilya"]
[Result "1/2-1/2"]
[ECO "A05"]
[WhiteElo "2378"]
[BlackElo "2196"]
[Annotator "ChessBase"]
[PlyCount "63"]
[EventDate "2018.??.??"]
[EventType "swiss"]
[EventCountry "CZE"]
[SourceTitle "playchess.com"]
[Source "ChessBase"]
[SourceQuality "1"]
[TimeControl "40/5400+30:1800+30"]

1. Nf3 Nf6 2. c4 g6 3. Nc3 d5 4. cxd5 Nxd5 5. e4 Nxc3 6. dxc3 Qxd1+ 7. Kxd1 f6 8. Be3 e5 9. Nd2 Be6 10. Bc4 Kf7 11. Kc2 Nd7 12. Rhd1 a5 13. f3 a4 14. b4 axb3+ 15. axb3 Bc5 16. Bxc5 Nxc5 17. b4 Nd7 18. Nb3 Ke7 19. Bxe6 Kxe6 20. Ra5 b6 21. Rad5 Rhd8 22. Kb2 Ke7 23. Nd2 Nf8 24. Nc4 Ne6 25. Ne3 c6 26. Rxd8 Rxd8 27. Ra1 Rd2+ 28. Kb3 b5 29. Ra7+ Rd7 30. Ra6 Rd3 31. Kc2 Rd6 32. Ra7+ 1/2-1/2

[Event "17th Prague Open 2018"]
[Site "Prague"]
[Date "2018.01.14"]
[Round "4"]
[White "Mihajlov, Sebastian"]
[Black "Lee, Jun Hyeok"]
[Result "1/2-1/2"]
[ECO "E91"]
[WhiteElo "2371"]
[BlackElo "2305"]
[Annotator "ChessBase"]
[PlyCount "45"]
[EventDate "2018.??.??"]
[EventType "swiss"]
[EventCountry "CZE"]
[SourceTitle "playchess.com"]
[Source "ChessBase"]
[SourceQuality "1"]
[TimeControl "40/5400+30:1800+30"]

1. d4 g6 2. Nf3 Bg7 3. c4 d6 4. Nc3 Nf6 5. e4 O-O 6. Be2 Na6 7. O-O e5 8. Be3 c6 9. d5 Ng4 10. Bg5 f6 11. Bd2 f5 12. exf5 gxf5 13. Bg5 Qc7 14. Qd2 c5 15. Nb5 Qd7 16. Bh4 Nc7 17. Nxc7 Qxc7 18. Ng5 Qe7 19. f3 Nh6 20. g3 Bf6 21. Kh1 Nf7 22. Nxf7 Rxf7 23. Bxf6 1/2-1/2

[Event "17th Prague Open 2018"]
[Site "Prague"]
[Date "2018.01.14"]
[Round "4"]
[White "Kaasen, Tor Fredrik"]
[Black "Nimmy, A G"]
[Result "1/2-1/2"]
[ECO "B51"]
[WhiteElo "2340"]
[BlackElo "2109"]
[Annotator "ChessBase"]
[PlyCount "119"]
[EventDate "2018.??.??"]
[EventType "swiss"]
[EventCountry "CZE"]
[SourceTitle "playchess.com"]
[Source "ChessBase"]
[SourceQuality "1"]
[TimeControl "40/5400+30:1800+30"]

1. e4 c5 2. Nf3 d6 3. Bb5+ Nd7 4. O-O a6 5. Bd3 Ngf6 6. Re1 e5 7. c3 Be7 8. Bc2 O-O 9. a4 b6 10. d4 Bb7 11. d5 b5 12. Na3 Nb6 13. a5 Nbd7 14. b4 Rc8 15. Bd3 Re8 16. Nc2 Bf8 17. Bg5 h6 18. Bd2 g6 19. h3 Bxd5 20. exd5 e4 21. Bf4 exd3 22. Qxd3 cxb4 23. cxb4 Rxe1+ 24. Rxe1 Nxd5 25. Qxd5 Rxc2 26. Bxd6 Nf6 27. Qd1 Rc8 28. Bxf8 Qxf8 29. Qd4 Kg7 30. Ne5 Qe7 31. Re3 Rd8 32. Qb2 Rd1+ 33. Kh2 Qd6 34. Qb3 Qd5 35. Qc3 Qd4 36. Qxd4 Rxd4 37. Nc6 Rc4 38. Nb8 Rxb4 39. Nxa6 Ra4 40. Nc7 Rxa5 41. Rb3 Ne4 42. Nxb5 Nxf2 43. Nd6 Rd5 44. Ne8+ Kf8 45. Nf6 Rd8 46. Rb7 Nd3 47. Nd7+ Kg7 48. Kg3 g5 49. Kh2 h5 50. Kg3 h4+ 51. Kh2 Re8 52. Rb5 f6 53. Rb6 Nf4 54. Nxf6 Re2 55. Kh1 Nxg2 56. Nh5+ Kh7 57. Nf6+ Kg7 58. Nh5+ Kh7 59. Nf6+ Kg7 60. Nh5+ 1/2-1/2

[Event "17th Prague Open 2018"]
[Site "Prague"]
[Date "2018.01.14"]
[Round "4"]
[White "Liu, Yi"]
[Black "Adamko, Peter"]
[Result "1/2-1/2"]
[ECO "E11"]
[WhiteElo "2337"]
[BlackElo "2098"]
[Annotator "ChessBase"]
[PlyCount "100"]
[EventDate "2018.??.??"]
[EventType "swiss"]
[EventCountry "CZE"]
[SourceTitle "playchess.com"]
[Source "ChessBase"]
[SourceQuality "1"]
[TimeControl "40/5400+30:1800+30"]

1. d4 Nf6 2. c4 e6 3. Nf3 Bb4+ 4. Nbd2 c5 5. a3 Bxd2+ 6. Qxd2 cxd4 7. Qxd4 Nc6 8. Qh4 d5 9. b4 O-O 10. Bb2 dxc4 11. Qxc4 Qd5 12. e3 Rd8 13. Rc1 Qxc4 14. Bxc4 Bd7 15. O-O Ne7 16. Ne5 Ba4 17. f3 Nfd5 18. Rfe1 Nb6 19. Bf1 f6 20. Nd3 Nd7 21. Nf4 Kf7 22. Bc4 Nf8 23. Nd3 Nd7 24. Ba2 Rac8 25. e4 Rxc1 26. Rxc1 Rc8 27. f4 Rxc1+ 28. Bxc1 g6 29. Kf2 f5 30. exf5 Nxf5 31. Bb2 Ke7 32. g4 Nd6 33. Ne5 Nxe5 34. fxe5 Nb5 35. Kg3 b6 36. Kh4 h6 37. Bc1 Kf7 38. Bxh6 Nxa3 39. Bd2 Bc2 40. Kg5 Nb5 41. h4 Nd4 42. Kf4 Bd1 43. Bb1 Nf3 44. Be3 Nxh4 45. Be4 Be2 46. Bf2 g5+ 47. Kxg5 Nf3+ 48. Kf4 Nd2 49. Bc2 Nc4 50. Be1 a5 1/2-1/2

[Event "17th Prague Open 2018"]
[Site "Prague"]
[Date "2018.01.14"]
[Round "4"]
[White "Schippers, Maurice"]
[Black "Luukkonen, Tommi"]
[Result "1/2-1/2"]
[ECO "B92"]
[WhiteElo "2309"]
[BlackElo "2331"]
[Annotator "ChessBase"]
[PlyCount "105"]
[EventDate "2018.??.??"]
[EventType "swiss"]
[EventCountry "CZE"]
[SourceTitle "playchess.com"]
[Source "ChessBase"]
[SourceQuality "1"]
[TimeControl "40/5400+30:1800+30"]

1. e4 c5 2. Nf3 d6 3. d4 cxd4 4. Nxd4 Nf6 5. Nc3 a6 6. Be2 e5 7. Nb3 Be7 8. O-O O-O 9. a4 b6 10. Be3 Bb7 11. Bf3 Nbd7 12. Nd5 Rc8 13. Rc1 Rc4 14. Nd2 Rxa4 15. b3 Nxd5 16. exd5 Ra2 17. c4 b5 18. Ne4 bxc4 19. bxc4 Rb2 20. Qa4 f5 21. Qa3 fxe4 22. Qxb2 exf3 23. Qxb7 Qe8 24. gxf3 Qg6+ 25. Kh1 Qf5 26. Rg1 h5 27. Qb3 Qxf3+ 28. Rg2 Nf6 29. Qd1 Qf5 30. f3 Nh7 31. c5 dxc5 32. d6 Bd8 33. Rxc5 Nf6 34. Rg5 Qh3 35. Rg3 Qe6 36. Bg5 h4 37. Rg1 Bb6 38. Bxf6 Qxf6 39. Qb3+ Kh8 40. Rxe5 Qxe5 41. Qxb6 Qd5 42. Qf2 Rxf3 43. Qg2 Rd3 44. Qxd5 Rxd5 45. Rg4 g5 46. d7 h3 47. Rxg5 Rd1+ 48. Rg1 Rxd7 49. Ra1 Kg8 50. Kg1 Rd6 51. Ra3 Rh6 52. Kf2 Kf7 53. Kg3 1/2-1/2

[Event "17th Prague Open 2018"]
[Site "Prague"]
[Date "2018.01.14"]
[Round "4"]
[White "Stoyanov, Tsvetan"]
[Black "Akshat, Khamparia"]
[Result "1/2-1/2"]
[ECO "B78"]
[WhiteElo "2242"]
[BlackElo "2381"]
[Annotator "ChessBase"]
[PlyCount "77"]
[EventDate "2018.??.??"]
[EventType "swiss"]
[EventCountry "CZE"]
[SourceTitle "playchess.com"]
[Source "ChessBase"]
[SourceQuality "1"]
[TimeControl "40/5400+30:1800+30"]

1. e4 c5 2. Nf3 d6 3. d4 cxd4 4. Nxd4 Nf6 5. Nc3 g6 6. Be3 Bg7 7. f3 O-O 8. Qd2 Nc6 9. Bc4 Bd7 10. O-O-O Rb8 11. Bb3 Na5 12. Bh6 Bxh6 13. Qxh6 b5 14. h4 e5 15. Nde2 b4 16. Nd5 Nxb3+ 17. axb3 Nxd5 18. Rxd5 Be6 19. h5 g5 20. Rxd6 Qe7 21. Ng3 f6 22. Rhd1 Rb6 23. R6d3 Rc6 24. Nf5 Bxf5 25. exf5 Qc7 26. Kb1 Rxc2 27. Qxf8+ Kxf8 28. Rd8+ Ke7 29. R1d7+ Qxd7 30. Rxd7+ Kxd7 31. Kxc2 Kd6 32. Kd3 Kd5 33. g3 h6 34. Ke3 a5 35. g4 Kc5 36. Ke4 Kc6 37. Ke3 Kb5 38. Kd3 Kc5 39. Ke4 1/2-1/2